 Dungeon Crawl Stone Soup version 0.21.0-22-g11d5b52 (webtiles) character file.

81 HEYYEYAAE the Digger (level 4, -1/35 HPs)
             Began as a Demigod Earth Elementalist on Jan 18, 2018.
             Slain by a leopard gecko (5 damage)
             ... on level 2 of the Dungeon.
             The game lasted 00:02:17 (1205 turns).

HEYYEYAAE the Digger (Demigod Earth Elementalist)   Turns: 1205, Time: 00:02:18

Health: -1/35      AC:  2    Str: 11    XL:     4   Next: 0%
Magic:  5/10       EV: 13    Int: 21    God:
Gold:   91         SH:  0    Dex: 16    Spells: 7/8 levels left

rFire    . . .     SeeInvis .   l - +2 dagger (drain)
rCold    . . .     Gourm    .   (no shield)
rNeg     . . .     Faith    .   c - +0 robe
rPois    .         Spirit   .   (no helmet)
rElec    .         Reflect  .   (no cloak)
rCorr    +         Harm     .   (no gloves)
MR       .....                  (no boots)
Stlth    ++........             (no amulet)
HPRegen  0.11/turn              a - ring of resist corrosion
MPRegen  0.12/turn              (no ring)

@: no status effects
A: high mp 1
a: no special abilities


You were on level 2 of the Dungeon.
You were not hungry.

You visited 1 branch of the dungeon, and saw 2 of its levels.

You collected 91 gold pieces.

Inventory:

Hand Weapons
 l - a +2 dagger of draining (weapon)
Missiles
 b - 65 stones (quivered)
Armour
 c - a +0 robe (worn)
Jewellery
 a - a ring of resist corrosion (left hand)
Scrolls
 f - a scroll of blinking
 g - a scroll of identify {unknown}
 h - 2 scrolls of amnesia {unknown}
Potions
 i - 2 potions of degeneration {unknown}
 j - a potion of curing {unknown}
 k - 3 potions of agility {unknown}
Books
 e - a book of Geomancy

   Spells                             Type                      Level
   a - Sandblast                      Earth                        1
   b - Passwall                       Transmutation/Earth          2
   c - Stone Arrow                    Conjuration/Earth            3
   d - Petrify                        Transmutation/Earth          4
   e - Lee's Rapid Deconstruction     Earth                        5
Comestibles
 d - 2 rations
 m - a chunk of flesh


   Skills:
 + Level 1.0 Fighting
 + Level 0.8 Armour
 + Level 2.2 Dodging
 - Level 1.7 Stealth
 * Level 2.5 Spellcasting
   Level 0.8 Transmutations
 * Level 3.3 Earth Magic


You had 7 spell levels left.
You knew the following spells:

 Your Spells              Type           Power        Failure   Level  Hunger
a - Sandblast             Erth           ###...       3%          1    None


Dungeon Overview and Level Annotations

Branches:
Dungeon (2/15)


Innate Abilities, Weirdness & Mutations

You have an increased reservoir of magic. (+10% MP)


Message History

Confirm with . or Enter, or press ? or * to list all spells.
Aiming: Sandblast
Press: ? - help, Shift-Dir - straight line, f - leopard gecko
Aim: a leopard gecko (clinging)
The blast of sand hits the leopard gecko.
The leopard gecko is almost dead.
b - 66 stones The leopard gecko bites you.
* * * LOW HITPOINT WARNING * * *
The leopard gecko bites you.
* * * LOW HITPOINT WARNING * * *
Casting: Sandblast
Confirm with . or Enter, or press ? or * to list all spells.
Aiming: Sandblast
Press: ? - help, Shift-Dir - straight line, f/p - leopard gecko
Aim: a leopard gecko (almost dead, clinging)
The blast of sand misses the leopard gecko.
b - 65 stones The leopard gecko bites you.
You die...

#.# #.. #.# #.# #.#
#.# #.# #.# #.## #†#
...####### #.#
.......>.# #.#
...#####.#######.####
#.## #...).÷).@...#
#.## #########l##.#
...#########
#.)......
...........#
####.#...
...#######.# #.# ..
#.## #)# #.# g #.#
######.## #.#
#.###.......## #.# #
......####.#.## ##.##
.#


You could see a leopard gecko.

Vanquished Creatures
  3 adders (D:2)
  An ooze (D:1)
  A dart slug (D:1)
  A leopard gecko (D:2)
  2 ball pythons (D:1)
  3 bats (D:1)
  4 giant cockroaches (D:1)
  5 goblins
  7 hobgoblins
  7 jackals (D:1)
  A quokka (D:2)
  2 frilled lizards (D:1)
  A kobold (D:2)
  A rat (D:1)
39 creatures vanquished.

Notes
Turn   | Place    | Note
-------+----------+-------------------------------------------
     0 | D:1      | HEYYEYAAE the Demigod Earth Elementalist began the quest for the Orb.
     0 | D:1      | Reached XP level 1. HP: 14/14 MP: 5/5
   150 | D:1      | You fall through a shaft!
   483 | D:1      | Reached XP level 2. HP: 20/20 MP: 5/7
   552 | D:1      | Reached skill level 3 in Earth Magic
   731 | D:1      | Reached XP level 3. HP: 26/27 MP: 9/9
  1202 | D:2      | Reached skill level 1 in Fighting
  1202 | D:2      | Reached XP level 4. HP: 11/35 MP: 7/10
  1205 | D:2      | Slain by a leopard gecko

Skill      XL: |  1  2  3 |
---------------+----------+-----
Spellcasting   | 2 |  2.5
Earth Magic    | 3 |  3.3
Dodging        | 2 |  2.2
Fighting       | 1 |  1.0
Armour         | |  0.8
Stealth        | |  1.7
Transmutations | |  0.8

Action                   |  1- 3 |  4- 6 || total
-------------------------+-------+-------++-------
Melee: Unarmed           |    45 |       ||    45
       Dagger            |    23 |       ||    23
 Cast: Sandblast         |    44 |     3 ||    47
  Use: Scroll            |     1 |       ||     1
 Stab: Sleeping          |     1 |       ||     1
  Eat: Chunk             |     1 |       ||     1
Armor: Robe              |    17 |       ||    17
Dodge: Dodged            |    81 |       ||    81
